 Dungeon Crawl Stone Soup version 0.30-a0-916-g9813417 (webtiles) character file.

Game seed: 13531589898493810618

14691 Violenta the Severer (level 12, -5/165 HPs)
             Began as a Hill Orc Monk on Apr 19, 2023.
             Was an Elder of Makhleb.
             Engulfed by a death drake's foul pestilence (15 damage)
             ... in a Gauntlet.
             The game lasted 00:42:54 (12763 turns).

Violenta the Severer (Hill Orc Monk)               Turns: 12763, Time: 00:42:55

Health: -5/165     AC: 26    Str: 19    XL:     12   Next: 19%
Magic:  12/12      EV:  2    Int: 10    God:    Makhleb [****..]
Gold:   680        SH: 20    Dex: 13    Spells: 11/11 levels left

rFire   . . .      SeeInvis +    q - +0 war axe (flame)
rCold   . . .      Faith    .    w - +0 tower shield
rNeg    . . .      Spirit   .    f - melded +0 swamp dragon scales
rPois   +          Reflect  +    k - melded +0 helmet
rElec   .          Rampage  .    B - melded +0 cloak
rCorr   .          NoTele   +    m - melded +0 pair of gloves
Will    .....                    (boots currently unavailable)
Stlth   +++                      H - amulet of reflection
HPRegen 0.47/turn                e - ring "Haewneuss" {rPois SInv Stlth+}
MPRegen 0.13/turn                J - ring of the Hare {EV+10}

@: lethally poisoned (-5 -> -15), tree-form, slowed, very slow
A: stationary, stasis, torment immunity, boosted hp
a: Renounce Religion, Minor Destruction, Lesser Servant of Makhleb, Major
Destruction


You were in a Gauntlet.
You worshipped Makhleb.
Makhleb was greatly pleased with you.
You were a tree.
You visited 3 branches of the dungeon, and saw 12 of its levels.
You also visited: Gauntlet.

You collected 743 gold pieces.
You spent 63 gold pieces at shops.

Inventory:

Hand Weapons
 q - a +0 war axe of flaming (weapon)
 t - a +2 hand axe of freezing
Missiles
 p - 2 curare-tipped darts (quivered)
Armour
 f - +0 swamp dragon scales (melded)
 k - a +0 helmet (melded)
 m - a +0 pair of gloves (melded)
 w - a +0 tower shield (worn)
 B - a +0 cloak (melded)
Jewellery
 e - the ring "Haewneuss" (left branch) {rPois SInv Stlth+}
   (You took it off a wight on level 8 of the Dungeon)

   [ring of poison resistance]

   rPois:     It protects you from poison.
   SInv:      It lets you see invisible.
   Stlth:     It makes you more stealthy.
 g - a ring of flight
 v - a ring of magical power
 A - a ring of protection from cold
 H - an amulet of reflection (around neck)
 J - the ring of the Hare (right branch) {EV+10}
   (You took it off a gnoll on level 8 of the Dungeon)

   [ring of evasion]

   EV:        It affects your evasion (+10).
Wands
 y - a wand of charming (9)
 I - a wand of quicksilver (2)
 L - a wand of roots (1)
 O - a wand of flame (5)
Scrolls
 d - a scroll of fear
 h - a scroll of teleportation {@r4}
 l - a scroll of fog
 r - a scroll of identify {@r1}
 u - a scroll of enchant weapon
 x - 3 scrolls of vulnerability
 z - a scroll of brand weapon
 N - 4 scrolls of amnesia {unknown}
Potions
 a - 5 potions of curing {@q1}
 c - 4 potions of ambrosia
 i - 3 potions of brilliance
 n - 2 potions of flight
 o - a potion of magic
 s - a potion of haste {unknown}
 C - 2 potions of mutation
 D - a potion of might
 E - a potion of attraction
 M - 2 potions of invisibility {unknown}


   Skills:
 + Level 11.1 Fighting
 * Level 16.2 Axes
 + Level 9.6 Armour
 - Level 4.7 Dodging
 - Level 1.8 Stealth
 + Level 7.8 Shields


You had 11 spell levels left.
You didn't know any spells.
Your spell library contained the following spells:

 Spells                   Type           Power      Damage    Failure   Level
 Beastly Appendage        Tmut           0%         N/A       96%         1
 Magic Dart               Conj           0%         1d3       96%         1
 Sting                    Tmut/Pois      0%         1d3       96%         1
 Blink                    Tloc           0%         N/A       99%         2
 Call Imp                 Summ           0%         N/A       99%         2
 Ensorcelled Hibernation  Hex/Ice        0%         N/A       99%         2
 Lesser Beckoning         Tloc           0%         N/A       99%         2
 Momentum Strike          Conj/Tloc      0%         3d8       99%         2
 Passwall                 Tmut/Erth      0%         N/A       99%         2
 Poisonous Vapours        Pois/Air       0%         N/A       99%         2
 Wereblood                Tmut           0%         N/A       99%         2
 Dazzling Flash           Conj/Hex       0%         N/A       100%        3
 Mephitic Cloud           Conj/Pois/Air  0%         N/A       100%        3
 Spider Form              Tmut/Pois      0%         N/A       100%        3
 Swiftness                Air            0%         N/A       100%        3
 Iskenderun's Mystic Bla  Conj/Tloc      0%         2d3       100%        4
 Olgreb's Toxic Radiance  Pois           0%         N/A       100%        4
 Summon Ice Beast         Ice/Summ       0%         N/A       100%        4
 Iskenderun's Battlesphe  Conj           0%         2d6       100%        5
 Summon Mana Viper        Hex/Summ       0%         N/A       100%        5
 Conjure Ball Lightning   Conj/Air       0%         3x3d6     100%        6
 Iron Shot                Conj/Erth      0%         9d1       100%        6
 Starburst                Conj/Fire      0%         6d3       100%        6
 Monstrous Menagerie      Summ           0%         N/A       100%        7
 Spellforged Servitor     Conj/Summ      0%         N/A       100%        7
 Discord                  Hex            0%         N/A       100%        8
 Disjunction              Tloc           0%         N/A       100%        8


Dungeon Overview and Level Annotations

Branches:
Dungeon (10/15)            Temple (1/1) D:6            Lair (1/5) D:8
    Orc (0/2) D:10        Gauntlet (1/1)

Altars:
Ashenzari
Cheibriados
Dithmenos
Elyvilon
Fedhas
Gozag
Hepliaklqana
Kikubaaqudgha
Makhleb
Nemelex Xobeh
Okawaru
Qazlal
Ru
Sif Muna
Trog
Uskayaw
Vehumet
Wu Jian
Xom
Yredelemnul
Zin
The Shining One
Beogh

Shops:
D:5 *   D:7 *

Annotations:
D:6 exclusion: oklob plant Gauntlet 9 transporters


Message History

You feel extremely sick. You block the death drake's attack.
The death drake barely misses you.
You slice the death drake!! You burn the death drake.
The death drake is heavily wounded.
You feel extremely sick. The death drake completely misses you.
The death drake breathes miasma at you. The foul vapour engulfs you!!
You feel as though you will be slow longer.
* * * LOW HITPOINT WARNING * * *
Really quaff the potion of lignification? [Y]es or [N]o only, please.
Really quaff the potion of lignification?
Really become a tree while standing in a cloud of foul pestilence?
You turn into a tree.
Your +0 cloak melds into your body.
Your +0 helmet melds into your body.
Your +0 pair of gloves melds into your body.
Your +0 swamp dragon scales melds into your body.
Your roots penetrate the ground.
You are engulfed in dark miasma.
You are lethally poisoned!
You feel as though you will be slow longer.
* * * LOW HITPOINT WARNING * * *
x2 You feel extremely sick.
You block the death drake's attack.
The death drake bites you but does no damage.
You feel much better.
You are engulfed in dark miasma.
* * * LOW HITPOINT WARNING * * *
You feel extremely sick. The death drake barely misses you.
You block the death drake's attack.
You miss the death drake.
The death drake is moderately wounded.
You feel very sick. The death drake breathes miasma at you.
The foul vapour engulfs you!
* * * LOW HITPOINT WARNING * * *
The death drake bites you but does no damage.
You slash the death drake! You burn the death drake.
The death drake is severely wounded.
You are engulfed in dark miasma.
You die...

#≈≈.#########...#≈≈≈#
##≈....#©..8#...#...#
##..8.#...©#.8.#....
##≈....#©..8#.⌠.#.8.#
#≈≈.#########.8.#.©..
##≈.#.......#...#.8.#
##.#.####..#...#.©.#
##≈.#.#°°##.#.8.#.8.#
#≈≈.#..#♣°#.#.∩.#.©.#
##≈.#.^##k#.#.8.#.8.#
##.#..^.##.#...#.©.#
##≈.#...©○kZ#...#.8.#
#≈≈.#########.8.#.©..
##≈....#©..8#.⌠.#.8.#
##..8.#...©#.8.#....
##≈....#©..8#...#...#
#≈≈.#########...#≈≈≈#


You could see a death drake (catching breath).

Vanquished Creatures
  A two-headed ogre (D:9)
  A soul eater (Gauntlet)
  3 ugly things
  A spectral centaur (Gauntlet)
  Maggie (D:7)
  2 trolls
  A hornet (D:8)
  5 polar bears (D:10)
  A raiju (Gauntlet)
  Sigmund (D:5)
  3 slime creatures (D:8)
  2 centaur simulacra (D:10)
  10 yaks
  4 wyverns
  A vampire (D:9)
  A basilisk (D:8)
  An unseen horror simulacrum (D:10)
  5 steam dragons
  3 water moccasins (D:8)
  8 orc warriors
  A sky beast (D:8)
  3 ice beasts
  4 black bears
  4 wolves (D:10)
  3 centaurs
  An ogre (D:5)
  A phantom (D:4)
  2 kobold brigands
  8 bullfrogs
  A scorpion (D:6)
  2 wights (D:8)
  11 killer bees
  A howler monkey (D:8)
  A lava snake (D:7)
  2 hounds
  9 jellies
  9 orc priests
  A gnoll bouda (D:8)
  4 iguanas
  3 sleepcaps
  12 orc wizards
  Robin (D:4)
  4 gnolls (D:8)
  12 adders
  3 shadow imps (Gauntlet)
  4 white imps
  2 ufetubi (D:5)
  6 worms
  3 dart slugs
  42 orcs
  9 ball pythons
  18 endoplasms
  5 giant cockroaches (D:3)
  17 goblins
  11 hobgoblins
  3 jackals (D:4)
  4 kobolds
  5 quokkas
  4 bats
  5 frilled lizards
  6 rats
302 creatures vanquished.

Vanquished Creatures (collateral kills)
  A tengu warrior (D:8)
1 creature vanquished.

Vanquished Creatures (others)
  A killer bee (D:8)
  A gnoll (D:8)
  2 orcs (D:8)
  12 fungi
16 creatures vanquished.

Grand Total: 319 creatures vanquished

Notes
Turn   | Place    | Note
-------+----------+-------------------------------------------
     0 | D:1      | Violenta the Hill Orc Monk began the quest for the Orb.
     0 | D:1      | Reached XP level 1. HP: 19/19 MP: 1/1
    99 | D:1      | Reached XP level 2. HP: 17/27 MP: 2/2
   178 | D:1      | Found a faded altar of an unknown god.
   607 | D:1      | Reached skill level 1 in Armour
   607 | D:1      | Reached XP level 3. HP: 33/33 MP: 3/3
   828 | D:2      | Reached skill level 5 in Axes
  1168 | D:2      | Found an ornate altar of the Wu Jian Council.
  1188 | D:2      | Reached XP level 4. HP: 40/40 MP: 4/4
  2267 | D:4      | Noticed a phantom
  2278 | D:4      | Killed a phantom
  2279 | D:4      | Reached skill level 6 in Axes
  2279 | D:4      | Reached XP level 5. HP: 37/47 MP: 1/5
  2475 | D:4      | Reached XP level 6. HP: 6/53 MP: 2/6
  2883 | D:4      | Noticed Robin
  2894 | D:4      | Killed Robin
  3294 | D:4      | Noticed a black bear
  3482 | D:5      | Entered Level 5 of the Dungeon
  3520 | D:5      | Noticed Sigmund
  3528 | D:5      | Killed Sigmund
  3529 | D:5      | Reached skill level 5 in Fighting
  3529 | D:5      | Reached skill level 7 in Axes
  3529 | D:5      | Reached XP level 7. HP: 61/61 MP: 7/7
  3804 | D:5      | Reached skill level 8 in Axes
  4072 | D:5      | Found Luazim's Fire Supplies.
  4083 | D:5      | Reached XP level 8. HP: 70/70 MP: 8/8
  4447 | D:6      | Found a staircase to the Ecumenical Temple.
  4467 | Temple   | Entered the Ecumenical Temple
  4576 | Temple   | Became a worshipper of Makhleb the Destroyer
  4576 | Temple   | Reached * piety under Makhleb
  4576 | Temple   | Reached ** piety under Makhleb
  4999 | D:6      | Reached skill level 9 in Axes
  5382 | D:6      | Noticed an oklob plant
  5603 | D:7      | Reached skill level 5 in Armour
  5701 | D:7      | Noticed Maggie
  5740 | D:7      | Found Zuidiuh's Mass Market.
  5746 | D:7      | Reached skill level 10 in Axes
  5747 | D:7      | Reached XP level 9. HP: 49/78 MP: 9/9
  5754 | D:7      | Bought a +0 tower shield for 63 gold pieces
  6050 | D:7      | Reached skill level 1 in Shields
  6070 | D:7      | Reached *** piety under Makhleb
  6292 | D:7      | Killed Maggie
  6293 | D:7      | Reached skill level 11 in Axes
  6403 | D:7      | Identified the +2 dagger "Juera Emn" {elec, rF+ Dex+2}
  7288 | D:8      | Found a transporter.
  7515 | D:8      | Found a sparkling altar of Nemelex Xobeh.
  7592 | D:8      | Reached skill level 12 in Axes
  7592 | D:8      | Reached XP level 10. HP: 88/88 MP: 10/10
  7945 | D:8      | Noticed a tengu warrior
  7963 | D:8      | Identified the ring "Haewneuss" {rPois SInv Stlth+}
  8249 | D:8      | Killed a tengu warrior
  8250 | D:8      | Reached skill level 13 in Axes
  8330 | D:8      | Noticed a purple ugly thing
  8336 | D:8      | Noticed a white ugly thing
  8353 | D:8      | Killed a red ugly thing
  8354 | D:8      | Reached skill level 5 in Shields
  8357 | D:8      | Killed a white ugly thing
  8747 | D:8      | Identified the staff of earth "Kyjiod" {Fragile rF+ Stlth+}
  8967 | D:8      | Reached XP level 11. HP: 77/97 MP: 11/11
  8971 | D:8      | Reached skill level 14 in Axes
  9235 | D:8      | Found a staircase to the Lair.
  9727 | D:9      | Reached **** piety under Makhleb
 10360 | D:9      | Noticed a two-headed ogre
 10386 | D:9      | Killed a two-headed ogre
 10387 | D:9      | Reached skill level 10 in Fighting
 10509 | D:9      | Identified a scroll of acquirement
 10509 | D:9      | Acquired an amulet of reflection
 10701 | D:10     | Entered Level 10 of the Dungeon
 10804 | D:10     | Identified the +10 quick blade of Incongruity {flame,
                  | Dex+2}
 10829 | D:10     | Reached skill level 15 in Axes
 10943 | D:10     | Found a staircase to the Orcish Mines.
 11366 | D:10     | Noticed a red ugly thing
 11385 | D:10     | Killed a red ugly thing
 11710 | D:10     | Found a roughly hewn altar of Beogh.
 11724 | D:10     | Reached XP level 12. HP: 79/108 MP: 12/12
 12204 | Lair:1   | Entered Level 1 of the Lair of Beasts
 12236 | Lair:1   | Found a gate leading to a gauntlet.
 12243 | Gauntlet | Entered a Gauntlet
 12243 | Gauntlet | Noticed a soul eater
 12243 | Gauntlet | Found a transporter.
 12253 | Gauntlet | Found a transporter.
 12254 | Gauntlet | Found a transporter.
 12263 | Gauntlet | Found a transporter.
 12265 | Gauntlet | Found a transporter.
 12266 | Gauntlet | Found a transporter.
 12274 | Gauntlet | Found a transporter.
 12277 | Gauntlet | Found a transporter.
 12278 | Gauntlet | Found a transporter.
 12283 | Gauntlet | Noticed a death yak
 12283 | Gauntlet | Noticed a death yak
 12284 | Gauntlet | Noticed a death yak
 12284 | Gauntlet | Noticed a death yak
 12286 | Gauntlet | Found a transporter.
 12340 | Gauntlet | Found a transporter.
 12380 | Gauntlet | Found a transporter.
 12385 | Gauntlet | Noticed a dire elephant
 12389 | Gauntlet | Found a transporter.
 12409 | Gauntlet | Found a transporter.
 12505 | Gauntlet | Killed a soul eater
 12506 | Gauntlet | Reached skill level 16 in Axes
 12763 | Gauntlet | Engulfed by a death drake's foul pestilence

Illustrated notes

Levels and vault maps discovered:
D:1:      scummos_arrival_forest, layout_rooms, ebering_ecumenical_altar_mist
D:2:      layout_loops_ring, basic_altar, st_stairs_9
D:3:      layout_rooms
D:4:      layout_basic, uniq_robin
D:5:      layout_basic, nicolae_shop_fire_sale [nicolae_sub_dead_trees],
          uniq_sigmund
D:6:      lemuel_slime, layout_rooms, minmay_temple_entry_offerings,
          hangedman_decor_peaks_small, nicolae_fountain_basement
D:7:      layout_rooms, minmay_shop_mass, eino_tiny_chamber,
          kennysheep_opposing_triangles, uniq_maggie
D:8:      minmay_the_grid_octo_2x2 [minmay_the_grid_octo_checkered,
          minmay_the_grid_octo_checkerflower, minmay_the_grid_octo_clover,
          minmay_the_grid_octo_prize_star], layout_layer_cave,
          nemelex_spade_bored_becter, lair_entry_dummy, nicolae_diode_basic
D:9:      kennysheep_steamy, layout_loops_ring
D:10:     nicolae_cairo_tiling, layout_long_grid, minmay_orc_entry_temple_small,
          serial_ice, serial_ice_e, serial_ice_o, serial_ice_d, serial_ice_n,
          serial_ice_c, serial_ice_k, moated_statue
Temple:   kilobyte_greek_temple
Lair:1:   layout_cave_shapes, gauntlet_entry_generic, guppyfry_lair_drakes
Gauntlet: gammafunk_gauntlet_77_escape_option
          [minmay_gauntlet_arena_77_radiant_squares,
          minmay_gauntlet_arena_77_mess, minmay_gauntlet_arena_77_hold_the_fort,
          minmay_gauntlet_arena_77_braids, minmay_gauntlet_arena_77_checkered,
          nicolae_gauntlet_exit_dead_adventurers]

Skill      XL: |  1  2  3  4  5  6  7  8  9 10 11 12 |
---------------+-------------------------------------+-----
Fighting       | 4 5 6 8 9 10 11 | 11.1
Armour         | 1 2 3 4 5 6 8 9 |  9.6
Axes           | 5 6 7 8 10 12 13 15 16 | 16.2
Dodging        | 3 4 |  4.7
Shields        | 3 5 7 |  7.8
Stealth        | |  1.8

Action                     |  1- 3 |  4- 6 |  7- 9 | 10-12 || total
---------------------------+-------+-------+-------+-------++-------
  Melee: Hand axe          |   122 |   218 |       |       ||   340
         Punch             |     2 |     4 |     2 |       ||     8
         War axe           |       |     6 |   337 |   505 ||   848
  Throw: Dart              |       |       |     3 |       ||     3
 Invoke: Lesser Servant of |       |       |       |     1 ||     1
    Use: Scroll            |       |    11 |     9 |     9 ||    29
         Potion            |       |     1 |     1 |     8 ||    10
   Stab: Sleeping          |     2 |       |       |     3 ||     5
 Armour: Robe              |     3 |       |       |       ||     3
         Leather armour    |     9 |       |       |       ||     9
         Ring mail         |     6 |     6 |       |       ||    12
         Chain mail        |       |   130 |   197 |       ||   327
         Swamp dragon scal |       |       |    26 |   147 ||   173
         Skin              |       |       |       |     2 ||     2
  Dodge: Dodged            |    60 |    87 |   139 |   307 ||   593
  Block: Tower shield      |       |       |   109 |   524 ||   633

Table legend: (Time is in decaauts)
 A = Elapsed time spent in this place.
 B = Non-inter-level travel time spent in this place.
 C = Inter-level travel time spent in this place.
 D = Time resting spent in this place.
 E = Time spent auto-exploring this place.
 F = Levels seen in this place.
 G = Mean time per level.
                   A        B        C        D        E       F      G
               +--------+--------+--------+--------+--------+-----+--------+
         Total |  12932 |  12439 |    493 |   2911 |   6346 |  13 |  994.8 |
       Dungeon |  12216 |  11731 |    485 |   2715 |   6127 |  10 | 1221.6 |
        Temple |    151 |    143 |      8 |      0 |    135 |   1 |  151.0 |
          Lair |     38 |     38 |      0 |      0 |      0 |   1 |   38.0 |
      Gauntlet |    525 |    525 |      0 |    196 |     84 |   1 |  525.0 |
               +--------+--------+--------+--------+--------+-----+--------+

Top non-repeatable levels by time:
     D:8: 2192 daAuts
     D:7: 1700 daAuts
    D:10: 1479 daAuts
     D:4: 1271 daAuts
     D:9: 1174 daAuts
     D:5: 1094 daAuts
     D:6: 1078 daAuts
     D:2: 927 daAuts
     D:1: 725 daAuts
     D:3: 572 daAuts
Gauntlet: 525 daAuts
  Temple: 151 daAuts
  Lair:1: 38 daAuts
